MWL (24 & UNDER)
BARRY'S BAY ORIOLES @ PLUMSTEAD EAGLES
04/12/2030
 
TOP OF THE 1ST
Barry's Bay Orioles batting - Pitching for Plumstead Eagles : LHP Jake Davis
Pitching: LHP Jake Davis
Batting: RHB Ronnie Starr 0-0: Foul Ball, location: 2F
0-1: Swinging Strike
0-2: Foul Ball, location: 2F
0-2: Ground out 5-3 (Groundball, 5L)
Batting: LHB Vito Ramírez 0-0: Ball
1-0: Fly out, F4 (Line Drive, 4)
Batting: RHB Marcos Pérez 0-0: Swinging Strike
0-1: Swinging Strike
0-2: Ball
1-2: Ball
2-2: SOLO HOME RUN (Flyball, 78XD), Distance : 411 ft
Batting: LHB Nicholas Morgan 0-0: Ball
1-0: Foul Ball, location: 2F
1-1: Swinging Strike
1-2: Ball
2-2: Ball
3-2: Ground out 4-3 (Groundball, 4D)
Top of the 1st over - 1 run, 1 hit, 0 errors, 0 left on base; Barry's Bay 1 - Plumstead 0
BOTTOM OF THE 1ST
Plumstead Eagles batting - Pitching for Barry's Bay Orioles : LHP Scott Brown
Pitching: LHP Scott Brown
Batting: LHB Mauro López 0-0: Called Strike
0-1: Foul Ball, location: 2F
0-2: Strikes out looking
Batting: RHB Wayne Workman 0-0: Called Strike
0-1: TRIPLE (Flyball, 9D)
Batting: LHB Conan Bush 0-0: Ball
1-0: Fly out, F7 (Flyball, 7)
Runner from 3rd tags up, SCORES, no throw
Batting: RHB José Gonzáles 0-0: Called Strike
0-1: Ball
1-1: Foul Ball, location: 2F
1-2: Ball
2-2: Foul Ball, location: 2F
2-2: Ball
3-2: Ground out 5-3 (Groundball, 56)
Bottom of the 1st over - 1 run, 1 hit, 0 errors, 0 left on base; Barry's Bay 1 - Plumstead 1
TOP OF THE 2ND
Barry's Bay Orioles batting - Pitching for Plumstead Eagles : LHP Jake Davis
Batting: SHB Juan Morales 0-0: Called Strike
0-1: Ball
1-1: Called Strike
1-2: Strikes out swinging
Batting: LHB Dave Sanders 0-0: Ground out 4-3 (Groundball, 4)
Batting: LHB Pancho Hernández 0-0: SINGLE (Line Drive, 4MD)
Batting: LHB Javier Soto 0-0: Called Strike
0-1: Foul Ball, location: 2F
0-2: Ball
1-2: Strikes out swinging
Top of the 2nd over - 0 runs, 1 hit, 0 errors, 1 left on base; Barry's Bay 1 - Plumstead 1
BOTTOM OF THE 2ND
Plumstead Eagles batting - Pitching for Barry's Bay Orioles : LHP Scott Brown
Batting: SHB José Rincón 0-0: Called Strike
0-1: Swinging Strike
0-2: Foul Ball, location: 2F
0-2: Strikes out swinging
Batting: LHB Russell Ewing 0-0: Hit by Pitch
Batting: LHB Joe Rutherford 0-0: Ball
1-0: Ball
2-0: Foul Ball, location: 2F
2-1: Foul Ball, location: 2F
2-2: Foul Ball, location: 2F
2-2: Foul Ball, location: 2F
2-2: Fly out, F9 (Flyball, 9LM)
Batting: LHB José Marín 0-0: Called Strike
0-1: Foul Ball, location: 2F
0-2: Ball
1-2: Strikes out swinging
Bottom of the 2nd over - 0 runs, 0 hits, 0 errors, 1 left on base; Barry's Bay 1 - Plumstead 1
TOP OF THE 3RD
Barry's Bay Orioles batting - Pitching for Plumstead Eagles : LHP Jake Davis
Batting: SHB Dan Morse 0-0: Ball
1-0: Ball
2-0: SINGLE (Line Drive, 8RS)
Batting: RHB Ronnie Starr 0-0: Ball
1-0: Foul Ball, location: 2F
1-1: Fly out, F5 (Line Drive, 5S)
Batting: LHB Vito Ramírez 0-0: Swinging Strike
0-1: Ball
1-1: Ball
2-1: Foul Ball, location: 2F
2-2: Fly out, F9 (Line Drive, 9D)
Runner from 1st tags up, SAFE at 2nd
Batting: RHB Marcos Pérez 0-0: Called Strike
0-1: Fly out, F7 (Flyball, 78D)
Top of the 3rd over - 0 runs, 1 hit, 0 errors, 1 left on base; Barry's Bay 1 - Plumstead 1
BOTTOM OF THE 3RD
Plumstead Eagles batting - Pitching for Barry's Bay Orioles : LHP Scott Brown
Batting: LHB António Álvarez 0-0: DOUBLE (Line Drive, 8LD)
Batting: LHB Mauro López 0-0: Swinging Strike
0-1: Foul Ball, location: 2F
0-2: SINGLE (Line Drive, 6MD)
António Álvarez to third
Batting: RHB Wayne Workman 0-0: Ball
Mauro López steals 2nd base
1-0: Called Strike
1-1: Swinging Strike
1-2: DOUBLE (Line Drive, 8RD)
António Álvarez scores
Mauro López scores
Batting: LHB Conan Bush 0-0: Foul Ball, location: 2F
0-1: Ball
1-1: Swinging Strike
1-2: Ground out 4-3 (Groundball, 34)
Wayne Workman to third
Batting: RHB José Gonzáles 0-0: Foul Ball, location: 2F
0-1: Ball
1-1: Ball
2-1: Foul Ball, location: 2F
2-2: Ball
3-2: Foul Ball, location: 2F
3-2: Foul Ball, location: 2F
3-2: Fly out, F9 (Flyball, 9LDF)
Runner from 3rd tags up, SCORES, no throw
Batting: SHB José Rincón 0-0: Ground out 5-3 (Groundball, 56S)
Bottom of the 3rd over - 3 runs, 3 hits, 0 errors, 0 left on base; Barry's Bay 1 - Plumstead 4
TOP OF THE 4TH
Barry's Bay Orioles batting - Pitching for Plumstead Eagles : LHP Jake Davis
Batting: LHB Nicholas Morgan 0-0: Called Strike
0-1: Ball
1-1: Fly out, F7 (Flyball, 7LS)
Batting: SHB Juan Morales 0-0: Foul Ball, location: 2F
0-1: Ball
1-1: Ball
2-1: Swinging Strike
2-2: Foul Ball, location: 2F
2-2: Strikes out swinging
Batting: LHB Dave Sanders 0-0: Ball
1-0: Called Strike
1-1: Foul Ball, location: 2F
1-2: Foul Ball, location: 2F
1-2: Ground out 5-3 (Groundball, 56)
Top of the 4th over - 0 runs, 0 hits, 0 errors, 0 left on base; Barry's Bay 1 - Plumstead 4
BOTTOM OF THE 4TH
Plumstead Eagles batting - Pitching for Barry's Bay Orioles : LHP Scott Brown
Batting: LHB Russell Ewing 0-0: Foul Ball, location: 2F
0-1: Ball
1-1: Ball
2-1: Foul Ball, location: 2F
2-2: Ball
3-2: Foul Ball, location: 2F
3-2: Ground out 4-3 (Groundball, 4S)
Pitching: RHP Jorge Cruz
Batting: LHB Joe Rutherford 0-0: Called Strike
0-1: Ball
1-1: SINGLE (Line Drive, 5L)
Batting: LHB José Marín 0-0: Foul Ball, location: 2F
0-1: Ball
1-1: Ball
2-1: Ball
3-1: Foul Ball, location: 2F
3-2: Base on Balls
Joe Rutherford to second
Batting: LHB António Álvarez 0-0: SINGLE (Line Drive, 4MD)
Joe Rutherford to third
José Marín to second
Runner from 3rd tries for Home, SAFE, throw made home
Batting: LHB Mauro López 0-0: Ball
1-0: SINGLE (Groundball, 6MD)
José Marín to third
António Álvarez to second
Runner from 3rd tries for Home, SAFE, no throw
Batting: RHB Wayne Workman 0-0: Foul Ball, location: 2F
0-1: Grounds into double play, 6-4-3 (Groundball, 6)
Bottom of the 4th over - 2 runs, 3 hits, 0 errors, 1 left on base; Barry's Bay 1 - Plumstead 6
TOP OF THE 5TH
Barry's Bay Orioles batting - Pitching for Plumstead Eagles : LHP Jake Davis
Batting: LHB Pancho Hernández 0-0: Called Strike
0-1: Ball
1-1: Ball
2-1: Foul Ball, location: 2F
2-2: Strikes out swinging
Batting: LHB Javier Soto 0-0: Called Strike
0-1: Ball
1-1: Ball
2-1: Ground out U3 (Groundball, 34)
Batting: SHB Dan Morse 0-0: Ball
1-0: Swinging Strike
1-1: Ball
2-1: Foul Ball, location: 2F
2-2: Ball
3-2: Strikes out swinging
Top of the 5th over - 0 runs, 0 hits, 0 errors, 0 left on base; Barry's Bay 1 - Plumstead 6
BOTTOM OF THE 5TH
Plumstead Eagles batting - Pitching for Barry's Bay Orioles : RHP Jorge Cruz
Batting: LHB Conan Bush 0-0: Swinging Strike
0-1: Fly out, F8 (Flyball, 8RD)
Batting: RHB José Gonzáles 0-0: Ball
1-0: Ball
2-0: Ball
3-0: Called Strike
3-1: Called Strike
3-2: Foul Ball, location: 2F
3-2: Foul Ball, location: 2F
3-2: Ground out 3-1 (Groundball, 34)
Batting: SHB José Rincón 0-0: Called Strike
0-1: Hit by Pitch
Batting: LHB Russell Ewing 0-0: Ball
1-0: Called Strike
José Rincón steals 2nd base
1-1: Foul Ball, location: 2F
1-2: Ball
2-2: Fly out, F7 (Flyball, 78D)
Bottom of the 5th over - 0 runs, 0 hits, 0 errors, 1 left on base; Barry's Bay 1 - Plumstead 6
TOP OF THE 6TH
Barry's Bay Orioles batting - Pitching for Plumstead Eagles : LHP Jake Davis
Batting: RHB Ronnie Starr 0-0: Swinging Strike
0-1: Called Strike
0-2: Ball
1-2: Fly out, F9 (Flyball, 9S)
Batting: LHB Vito Ramírez 0-0: Ball
1-0: Ground out 6-3 (Groundball, 6S)
Batting: RHB Marcos Pérez 0-0: Ball
1-0: Ball
2-0: Ball
3-0: Called Strike
3-1: Base on Balls
Pitching: RHP John Bauer
Batting: LHB Nicholas Morgan 0-0: Ball
1-0: Fielders Choice at 2nd, 6-4 (Groundball, 6)
Top of the 6th over - 0 runs, 0 hits, 0 errors, 1 left on base; Barry's Bay 1 - Plumstead 6
BOTTOM OF THE 6TH
Plumstead Eagles batting - Pitching for Barry's Bay Orioles : RHP Jorge Cruz
Batting: LHB Joe Rutherford 0-0: Fly out, F6 (Popup, 6S)
Batting: LHB José Marín 0-0: Called Strike
0-1: Foul Ball, location: 2F
0-2: Foul Ball, location: 2F
0-2: Ball
1-2: Ball
2-2: SINGLE (Line Drive, 6M)
Batting: LHB António Álvarez 0-0: Called Strike
0-1: Ball
1-1: SINGLE (Groundball, 4MD)
José Marín to second
Runner from 2nd tries for 3rd, SAFE, no throw
Batting: LHB Mauro López 0-0: Foul Ball, location: 2F
0-1: Called Strike
António Álvarez steals 2nd base
0-2: Ball
1-2: Strikes out looking
Batting: RHB Wayne Workman 0-0: Fly out, F8 (Flyball, 8RD)
Bottom of the 6th over - 0 runs, 2 hits, 0 errors, 2 left on base; Barry's Bay 1 - Plumstead 6
TOP OF THE 7TH
Barry's Bay Orioles batting - Pitching for Plumstead Eagles : RHP John Bauer
Batting: SHB Juan Morales 0-0: Ball
1-0: Called Strike
1-1: Ball
2-1: Fly out, F4 (Popup, 4S)
Batting: LHB Dave Sanders 0-0: Ball
1-0: Ground out 4-3 (Groundball, 4S)
Batting: LHB Pancho Hernández 0-0: Called Strike
0-1: Called Strike
0-2: Ball
1-2: Foul Ball, location: 2F
1-2: Ball
2-2: Foul Ball, location: 2F
2-2: Strikes out swinging
Top of the 7th over - 0 runs, 0 hits, 0 errors, 0 left on base; Barry's Bay 1 - Plumstead 6
BOTTOM OF THE 7TH
Plumstead Eagles batting - Pitching for Barry's Bay Orioles : RHP Jorge Cruz
Batting: LHB Conan Bush 0-0: Ball
1-0: Ball
2-0: Ball
3-0: Called Strike
3-1: Called Strike
3-2: Base on Balls
Batting: RHB José Gonzáles 0-0: Called Strike
0-1: Swinging Strike
0-2: Strikes out looking
Batting: SHB José Rincón 0-0: Swinging Strike
0-1: Called Strike
0-2: Fly out, F9 (Flyball, 89D)
Batting: LHB Russell Ewing 0-0: Ground out 4-3 (Groundball, 34)
Bottom of the 7th over - 0 runs, 0 hits, 0 errors, 1 left on base; Barry's Bay 1 - Plumstead 6
TOP OF THE 8TH
Barry's Bay Orioles batting - Pitching for Plumstead Eagles : RHP John Bauer
Batting: LHB Javier Soto 0-0: Called Strike
0-1: Ball
1-1: Foul Ball, location: 2F
1-2: Ball
2-2: Ball
3-2: Foul Ball, location: 2F
3-2: Strikes out swinging
Batting: SHB Dan Morse 0-0: Called Strike
0-1: Ball
1-1: Ball
2-1: Fly out, F5 (Popup, 5SF)
Batting: RHB Ronnie Starr 0-0: Ball
1-0: Ball
2-0: Called Strike
2-1: Called Strike
2-2: Foul Ball, location: 2F
2-2: Foul Ball, location: 2F
2-2: Foul Ball, location: 2F
2-2: Foul Ball, location: 2F
2-2: Ball
3-2: Foul Ball, location: 2F
3-2: Base on Balls
Batting: LHB Vito Ramírez 0-0: Ground out 4-3 (Groundball, 4)
Top of the 8th over - 0 runs, 0 hits, 0 errors, 1 left on base; Barry's Bay 1 - Plumstead 6
BOTTOM OF THE 8TH
Plumstead Eagles batting - Pitching for Barry's Bay Orioles : RHP Jorge Cruz
Batting: LHB Joe Rutherford 0-0: Called Strike
0-1: Ball
1-1: Ball
2-1: Swinging Strike
2-2: Strikes out looking
Batting: LHB José Marín 0-0: Ball
1-0: Ball
2-0: Fly out, F9 (Flyball, 89M)
Batting: LHB António Álvarez 0-0: Fly out, F3 (Popup, 34S)
Bottom of the 8th over - 0 runs, 0 hits, 0 errors, 0 left on base; Barry's Bay 1 - Plumstead 6
TOP OF THE 9TH
Barry's Bay Orioles batting - Pitching for Plumstead Eagles : RHP John Bauer
Batting: RHB Marcos Pérez 0-0: Ball
1-0: Called Strike
1-1: Foul Ball, location: 2F
1-2: Foul Ball, location: 2F
1-2: Ball
2-2: Ball
3-2: Foul Ball, location: 2F
3-2: Strikes out swinging
Batting: LHB Nicholas Morgan 0-0: Ball
1-0: Ground out 6-3 (Groundball, 6MS)
Batting: SHB Juan Morales 0-0: Swinging Strike
0-1: Swinging Strike
0-2: Foul Ball, location: 2F
0-2: Strikes out swinging
Top of the 9th over - 0 runs, 0 hits, 0 errors, 0 left on base; Barry's Bay 1 - Plumstead 6
Saturday, April 7th, 2018 - OOTP Baseball 18.8 Build 76